 Dungeon Crawl Stone Soup version 0.29.0-4-gdea44cf6ec (webtiles) character file.

Game seed: 3462850591099591415

79 qw the Ruffian (level 4, 0/35 HPs)
             Began as a Ghoul Fire Elementalist on Aug 29, 2022.
             Slain by a goblin
             ... wielding a +0 club
              (1 damage)
             ... on level 2 of the Dungeon.
             The game lasted 00:01:41 (2072 turns).

qw the Ruffian (Ghoul Fire Elementalist)            Turns: 2072, Time: 00:01:41

Health: 0/35       AC:  5    Str: 13    XL:     4   Next: 37%
Magic:  5/5        EV: 10    Int: 10    God:
Gold:   84         SH:  0    Dex:  9    Spells: 5/6 levels left

rFire   . . .      SeeInvis .     - Unarmed
rCold   + . .      Faith    .   (no shield)
rNeg    + + +      Spirit   .   c - +0 ring mail
rPois   inf        Reflect  .   (no helmet)
rElec   .          Harm     .   (no cloak)
rCorr   .          Rampage  .   (no gloves)
Will    .....                   (no boots)
Stlth   +.........              (no amulet)
HPRegen 0.00/turn               (no ring)
MPRegen 0.09/turn               (no ring)

@: inhibited regen
A: claws 1, cold resistance 1, negative energy resistance 3, inhibited
regeneration, torment resistance 2, devour on kill
a: no special abilities


You were on level 2 of the Dungeon.
You visited 1 branch of the dungeon, and saw 2 of its levels.

You collected 84 gold pieces.


Innate Abilities, Weirdness & Mutations

You are immune to poison.
You have sharp fingernails.
Your flesh is cold resistant. (rC+)
You are immune to negative energy. (rN+++)
You do not regenerate when monsters are visible.
You are immune to unholy pain and torment.
You thrive by killing the living.


   Skills:
 - Level 1.2 Fighting
 - Level 1.7 Dodging
 - Level 2.1 Stealth
 + Level 3.9 Unarmed Combat
 - Level 1.7 Spellcasting
 - Level 0.7 Conjurations
 - Level 2.4 Fire Magic


You had 5 spell levels left.
You knew the following spells:

 Your Spells              Type           Power      Damage    Failure   Level
a - Foxfire               Conj/Fire      16%        2x1d4     36%         1

Your spell library contained the following spells:

 Spells                   Type           Power      Damage    Failure   Level
 Scorch                   Fire           10%        2d5       36%         2
 Conjure Flame            Conj/Fire      4%         6-21      73%         3
 Inner Flame              Hex/Fire       3%         N/A       78%         3
 Flame Wave               Conj/Fire      4%         2d5       98%         4

Inventory:

Armour
 c - a +0 ring mail (worn)
Scrolls
 i - a scroll of identify
Potions
 d - a potion of curing {unknown}
 h - a potion of heal wounds {unknown}

Dungeon Overview and Level Annotations

Branches:
Dungeon (2/15)

Altars:

Shops:
D:1 (


Message History

2061 ||| Stepping ~*~*~tactically~*~*~ (outnumbered).
The goblin attacks as you move away! The goblin hits you but does no damage.
2062 ||| Stepping ~*~*~tactically~*~*~ (outnumbered).
The goblin attacks as you move away! The goblin hits you but does no damage.
2063 ||| Stepping ~*~*~tactically~*~*~ (outnumbered).
The goblin attacks as you move away! The goblin barely misses you.
The goblin attacks as you move away! The goblin barely misses you.
The goblin no longer looks unusually strong.
2064 ||| Stepping ~*~*~tactically~*~*~ (outnumbered).
You claw the goblin!
You kill the goblin!
The goblin shoots a sling bullet.
The sling bullet misses you. The goblin barely misses you.
You scratch the goblin.
The goblin is moderately wounded.
The goblin hits you but does no damage. The goblin closely misses you.
You scratch the goblin but do no damage.
The goblin is moderately wounded.
The goblin hits you but does no damage. The goblin closely misses you.
You claw the goblin!
You kill the goblin!
The goblin unwields a +0 sling.
The goblin wields a +0 dagger.
The goblin hits you with a +0 dagger.
You claw the goblin!
You kill the goblin!
You feel better. The goblin hits you but does no damage.
The goblin hits you with a +0 club.
2070 ||| Stepping ~*~*~tactically~*~*~ (outnumbered).
The goblin attacks as you move away! The goblin hits you but does no damage.
The goblin hits you with a +0 dagger.
Things that are here:
a +0 dagger; a +0 sling You scratch the goblin.
The goblin is heavily wounded.
The goblin closely misses you. The goblin hits you but does no damage.
The goblin hits you with a +0 club.
You scratch the goblin but do no damage.
The goblin is heavily wounded.
The goblin barely misses you. x2; The goblin hits you with a +0 club.
You die...

#...... #......
#...... #......
...##......
....##...... ....
#......
######..####......
#@g........######.
#gg.........# #.
#...........# #.
#...........# ##
#...........### ##
#.............# #.
#..........##)# ##
#..........##)####
.............##..#..


You could see 3 goblins.

Vanquished Creatures
  Robin (D:2)
  2 adders (D:2)
  A worm (D:2)
  A dart slug (D:1)
  A ball python (D:2)
  4 endoplasms
  2 giant cockroaches
  9 goblins
  6 hobgoblins
  3 jackals (D:1)
  2 quokkas (D:1)
  4 bats
  4 kobolds
  A rat (D:1)
41 creatures vanquished.

Notes
Turn   | Place    | Note
-------+----------+-------------------------------------------
     0 | D:1      | qw the Ghoul Fire Elementalist began the quest for the Orb.
     0 | D:1      | Reached XP level 1. HP: 14/14 MP: 2/2
     0 | D:1      | 0 ||| qw: Version: 0.1-a-90-g952f4b7
     0 | D:1      | 0 ||| qw: Game counter: 3824
     0 | D:1      | 0 ||| qw: Always use a shield: true
     0 | D:1      | 0 ||| qw: God list: Okawaru
     0 | D:1      | 0 ||| qw: Allow faded altars: false
     0 | D:1      | 0 ||| qw: Do Orc after D:15 true
     0 | D:1      | 0 ||| qw: Do second Lair branch before Depths: true
     0 | D:1      | 0 ||| qw: Lair rune preference: random
     0 | D:1      | 0 ||| qw: Plans: Normal
     0 | D:1      | 0 ||| PLANNING D:1-11
    29 | D:1      | Found Iny Xomu's Antique Weapon Boutique.
    36 | D:1      | 36 ||| Stepping ~*~*~tactically~*~*~ (stealth).
    38 | D:1      | 38 ||| Stepping ~*~*~tactically~*~*~ (stealth).
    50 | D:1      | HP: 2/14 [quokka (5)]
    55 | D:1      | Reached skill level 1 in Unarmed Combat
   414 | D:1      | 414 ||| Stepping ~*~*~tactically~*~*~ (hiding).
   516 | D:1      | 516 ||| Stepping ~*~*~tactically~*~*~ (hiding).
   618 | D:1      | 618 ||| Stepping ~*~*~tactically~*~*~ (hiding).
   631 | D:1      | Reached skill level 1 in Fighting
   631 | D:1      | Reached XP level 2. HP: 16/23 MP: 3/3
   732 | D:1      | 732 ||| Stepping ~*~*~tactically~*~*~ (stealth).
   736 | D:1      | 736 ||| Stepping ~*~*~tactically~*~*~ (outnumbered).
   737 | D:1      | 737 ||| Stepping ~*~*~tactically~*~*~ (outnumbered).
   739 | D:1      | 739 ||| Stepping ~*~*~tactically~*~*~ (stealth).
   740 | D:1      | 740 ||| Stepping ~*~*~tactically~*~*~ (stealth).
   748 | D:1      | 748 ||| Stepping ~*~*~tactically~*~*~ (outnumbered).
   750 | D:1      | 750 ||| Stepping ~*~*~tactically~*~*~ (outnumbered).
   751 | D:1      | 751 ||| Stepping ~*~*~tactically~*~*~ (outnumbered).
   752 | D:1      | 752 ||| Stepping ~*~*~tactically~*~*~ (outnumbered).
   753 | D:1      | 753 ||| Stepping ~*~*~tactically~*~*~ (outnumbered).
   755 | D:1      | 755 ||| Stepping ~*~*~tactically~*~*~ (outnumbered).
   756 | D:1      | 756 ||| Stepping ~*~*~tactically~*~*~ (outnumbered).
   757 | D:1      | 757 ||| Stepping ~*~*~tactically~*~*~ (outnumbered).
   758 | D:1      | 758 ||| Stepping ~*~*~tactically~*~*~ (outnumbered).
   759 | D:1      | 759 ||| Stepping ~*~*~tactically~*~*~ (outnumbered).
   760 | D:1      | 760 ||| Stepping ~*~*~tactically~*~*~ (stealth).
   761 | D:1      | 761 ||| Stepping ~*~*~tactically~*~*~ (outnumbered).
   762 | D:1      | 762 ||| Stepping ~*~*~tactically~*~*~ (stealth).
   764 | D:1      | 764 ||| Stepping ~*~*~tactically~*~*~ (outnumbered).
   767 | D:1      | HP: 5/23 [quokka (3)]
   772 | D:1      | HP: 4/23 [quokka (1)]
   780 | D:1      | HP: 3/23 [kobold/stone (1)]
  1185 | D:1      | Reached skill level 2 in Unarmed Combat
  1493 | D:1      | 1493 ||| Stepping ~*~*~tactically~*~*~ (stealth).
  1495 | D:1      | 1495 ||| Stepping ~*~*~tactically~*~*~ (stealth).
  1497 | D:1      | 1497 ||| Stepping ~*~*~tactically~*~*~ (stealth).
  1500 | D:1      | 1500 ||| Stepping ~*~*~tactically~*~*~ (stealth).
  1502 | D:1      | 1502 ||| Stepping ~*~*~tactically~*~*~ (stealth).
  1504 | D:1      | 1504 ||| Stepping ~*~*~tactically~*~*~ (stealth).
  1506 | D:1      | 1506 ||| Stepping ~*~*~tactically~*~*~ (stealth).
  1508 | D:1      | 1508 ||| Stepping ~*~*~tactically~*~*~ (stealth).
  1520 | D:1      | Reached XP level 3. HP: 25/28 MP: 4/4
  1661 | D:1      | 1661 ||| UPGRADING to +0 ring mail.
  1671 | D:1      | 1671 ||| DROPPING +0 robe.
  1672 | D:1      | 1672 ||| DROPPING amulet of faith.
  1673 | D:1      | 1673 ||| READING scroll labelled PACVOBLAOMA.
  1674 | D:1      | 1674 ||| READING 2 scrolls labelled BEMAUS TOHE.
  1675 | D:1      | 1675 ||| READING scroll labelled CITIW ETAMET.
  1676 | D:1      | 1676 ||| DROPPING potion of magic.
  1776 | D:2      | 1776 ||| Stepping ~*~*~tactically~*~*~ (stealth).
  1817 | D:2      | Reached skill level 3 in Unarmed Combat
  1926 | D:2      | 1926 ||| Stepping ~*~*~tactically~*~*~ (stealth).
  1932 | D:2      | Reached XP level 4. HP: 30/35 MP: 5/5
  1975 | D:2      | Found a faded altar of an unknown god.
  2001 | D:2      | 2001 ||| Stepping ~*~*~tactically~*~*~ (stealth).
  2005 | D:2      | 2005 ||| Stepping ~*~*~tactically~*~*~ (stealth).
  2008 | D:2      | 2008 ||| Stepping ~*~*~tactically~*~*~ (stealth).
  2015 | D:2      | 2015 ||| Stepping ~*~*~tactically~*~*~ (stealth).
  2016 | D:2      | Noticed Robin
  2017 | D:2      | 2017 ||| Stepping ~*~*~tactically~*~*~ (hiding).
  2025 | D:2      | 2025 ||| Stepping ~*~*~tactically~*~*~ (stealth).
  2035 | D:2      | 2035 ||| Stepping ~*~*~tactically~*~*~ (stealth).
  2041 | D:2      | 2041 ||| Stepping ~*~*~tactically~*~*~ (hiding).
  2052 | D:2      | Killed Robin
  2053 | D:2      | 2053 ||| Stepping ~*~*~tactically~*~*~ (outnumbered).
  2053 | D:2      | HP: 7/35 [goblin/+0 club (5)]
  2054 | D:2      | 2054 ||| Stepping ~*~*~tactically~*~*~ (outnumbered).
  2055 | D:2      | 2055 ||| Stepping ~*~*~tactically~*~*~ (outnumbered).
  2056 | D:2      | 2056 ||| Stepping ~*~*~tactically~*~*~ (outnumbered).
  2057 | D:2      | 2057 ||| Stepping ~*~*~tactically~*~*~ (outnumbered).
  2058 | D:2      | 2058 ||| Stepping ~*~*~tactically~*~*~ (outnumbered).
  2059 | D:2      | 2059 ||| Stepping ~*~*~tactically~*~*~ (outnumbered).
  2060 | D:2      | 2060 ||| Stepping ~*~*~tactically~*~*~ (outnumbered).
  2061 | D:2      | 2061 ||| Stepping ~*~*~tactically~*~*~ (outnumbered).
  2062 | D:2      | 2062 ||| Stepping ~*~*~tactically~*~*~ (outnumbered).
  2063 | D:2      | 2063 ||| Stepping ~*~*~tactically~*~*~ (outnumbered).
  2064 | D:2      | 2064 ||| Stepping ~*~*~tactically~*~*~ (outnumbered).
  2068 | D:2      | HP: 3/35 [goblin/+0 dagger[Robin] (1)]
  2070 | D:2      | 2070 ||| Stepping ~*~*~tactically~*~*~ (outnumbered).
  2071 | D:2      | HP: 1/35 [goblin/+0 club[Robin] (2)]
  2072 | D:2      | Slain by a goblin

Levels and vault maps discovered:
D:1:      dpeg_arrival_shrine, layout_basic, serial_shops,
          nicolae_shop_behind_doors, minmay_misc_feat_plants
D:2:      layout_basic, ebering_ecumenical_altar_webs, uniq_robin,
          uniq_crazy_yiuf_cottage

Skill      XL: |  1  2  3 |
---------------+----------+-----
Unarmed Combat | 1 2 3 |  3.9
Fighting       | 1 |  1.2
Dodging        | |  1.7
Stealth        | |  2.1
Spellcasting   | |  1.7
Conjurations   | |  0.7
Fire Magic     | |  2.4

Action                   |  1- 3 |  4- 6 || total
-------------------------+-------+-------++-------
Melee: Unarmed           |   145 |    24 ||   169
       Punch             |     6 |       ||     6
  Use: Scroll            |     3 |       ||     3
Armor: Robe              |    19 |       ||    19
       Ring mail         |    12 |    13 ||    25
Dodge: Dodged            |    90 |    22 ||   112

Table legend:
 A = Non-vault XP
 B = Vault XP
 C = Vault XP percentage of total XP
 D = Non-vault monster count
 E = Vault monster count
 F = Vault count percentage of total count
                 A         B        C        D         E       F
            +---------+---------+-------+---------+---------+-------
      Total |      82 |      31 |  27.4 |      31 |      10 |  24.4
            +---------+---------+-------+---------+---------+-------
        D:1 |      37 |       0 |   0.0 |      21 |       0 |   0.0
        D:2 |      45 |      31 |  40.8 |      10 |      10 |  50.0
            +---------+---------+-------+---------+---------+-------
